Cogmind - Beta 15 @@@ ROGUE MODE // 2025.09.14 @ 15:35:10 Player: TapeIsSticky Result: Destroyed by 8R-AWN with 8R-AWN's Boregun Performance ------------- Evolutions (0) 0 Regions Visited (3) 600 Robots Destroyed (35) 175 Value Destroyed (579) 579 Prototype IDs (23) 460 Alien Tech Used (0) 0 Bonus (300) 300 TOTAL SCORE: 2114 Bonus ------- Aligned with FarCom 300 Cogmind --------- Core Integrity 0/250 Matter 211/300 Energy 100/100 System Corruption 7% Temperature Cool (0) Movement Rolling (155) Ox5 Location -10/Exiles Parts ------- > --- POWER (1) -------- (None) > --- PROPULSION (2) --- Wheel > --- UTILITY (2) ------ High-capacity Storage Unit Targeting Computer > --- WEAPON (2) ------- Latent Energy Streamer Particle Cannon > --- INVENTORY (20) --- Light Ion Engine Light Treads Light Treads High-capacity Matter Pod (200) Seismic Detector Seismic Detector Particle Gun Particle Cannon Particle Cannon Particle Cannon Light Cannon Light Cannon EMP Blaster Rocket Launcher Flail Peak State ------------ > --- POWER ------------ Ion Engine > --- PROPULSION ------- Light Treads Light Treads > --- UTILITY ---------- High-capacity Storage Unit Seismic Detector > --- WEAPON ----------- Latent Energy Streamer Particle Cannon > --- INVENTORY -------- Light Ion Engine Light Treads Light Treads Wheel High-capacity Matter Pod Seismic Detector Targeting Computer Particle Gun Particle Cannon Particle Cannon Particle Cannon Light Cannon Light Cannon EMP Blaster Rocket Launcher Flail [Rating: 19] Favorites ----------- Power Light Ion Engine Engine Light Ion Engine Propulsion Light Treads Treads Light Treads Wheel Wheel Utility Seismic Detector Device Seismic Detector Storage Large Storage Unit Processor Targeting Computer Weapon Light Cannon Energy Gun Particle Gun Energy Cannon Particle Cannon Ballistic Gun Light Assault Rifle Ballistic Cannon Light Cannon Launcher Rocket Launcher Impact Weapon Flail Build | -11 -10 -10 -10 ------- Run | Yrd Mat Min Exi Slots Evolved . | . . . . Power . | . . . . Propulsion . | . . . . Utility . | . . . . Weapon . | . . . . Parts Attached 27 | 7 10 3 7 Power 3 | 1 2 . . Engine 3 | 1 2 . . Core . | . . . . Reactor . | . . . . Propulsion 5 | 2 1 1 1 Treads 4 | 2 1 1 . Leg . | . . . . Wheel 1 | . . . 1 Hover . | . . . . Flight . | . . . . Utility 7 | 2 3 . 2 Device 2 | 1 1 . . Storage 4 | 1 2 . 1 Processor 1 | . . . 1 Hackware . | . . . . Protection . | . . . . Artifact . | . . . . Weapon 12 | 2 4 2 4 Energy Gun 2 | . 2 . . Energy Cannon 3 | . . . 3 Ballistic Gun 2 | 2 . . . Ballistic Cannon 2 | . 1 1 . Launcher 1 | . . . 1 Special Weapon . | . . . . Impact Weapon 2 | . 1 1 . Slashing Weapon . | . . . . Piercing Weapon . | . . . . Special Melee Weapon . | . . . . Unidentified Prototypes . | . . . . Parts Lost 8 | . 5 . 3 Power 2 | . 1 . 1 Propulsion 3 | . 1 . 2 Utility . | . . . . Weapon 3 | . 3 . . Highest Loss Streak 4 | . 4 . 3 To Critical Strikes 2 | . . . 2 Average Backups 13 | 2 9 14 16 Power 1 | . . 1 2 Propulsion 2 | . 1 3 2 Utility 3 | 1 5 3 3 Weapon 5 | . 2 7 8 Tool/Special . | . . . . Unused Backups 11 | . . 1 10 Power 3 | . . . 3 Propulsion 2 | . . . 2 Utility 2 | . . . 2 Weapon 4 | . . 1 3 Tool/Special . | . . . . Average Slot Usage (%) 99 | . 98 100 99 Engine 13 | . 13 14 13 Treads 27 | . 27 28 27 Device 13 | . 14 14 13 Storage 14 | . 14 14 14 Energy Gun 3 | . 4 10 . Energy Cannon 7 | . . . 17 Ballistic Gun 7 | . 19 . . Ballistic Cannon 8 | . 2 14 9 Peak Build Rating 19 | 7 10 10 19 Average Rating 9 | 5 7 9 11 On Entrance 6 | . 7 10 9 Naked Turns . | . . . . Heaviest Build 60 | 13 30 30 60 Greatest Support 40 | 40 40 40 40 Greatest Overweight (x) 5 | . 1 . 5 Average Overweight (x) . | . . . . Largest Inventory Capacity 20 | 8 15 15 20 Average Capacity 16 | 5 14 15 18 Most Carried 19 | 4 15 15 19 Average Carried 13 | 2 9 14 16 Final Capacity 20 | 8 15 15 20 Final Carried 15 | 3 15 15 15 Class Distribution -------------------- 100% | Mutant Dominant Class ---------------- Mutant | -10/Materials Mutant | -10/Mines Mutant | -10/Exiles Resources | -11 -10 -10 -10 ----------- Run | Yrd Mat Min Exi Matter Collected 810 | 302 448 20 40 Remotely . | . . . . Salvage Created 996 | 147 726 21 102 Parts 74 | 10 56 3 5 Haulers Intercepted 2 | . 2 . . Recyclers Shooed 1 | 1 . . . Parts Field Recycled . | . . . . Retrieved Matter . | . . . . Parts Self-Destructed . | . . . . Prevented . | . . . . Kills | -11 -10 -10 -10 ------- Run | Yrd Mat Min Exi Combat Hostiles Destroyed 23 | . 18 . 5 Guns 16 | . 16 . . AOE 7 | . 2 . 5 Classes Destroyed 9 | 2 6 . 1 Worker 2 | . 2 . . Tunneler 5 | 4 . 1 . Hauler 2 | . 2 . . Recycler 2 | 1 1 . . Operator 1 | . 1 . . Watcher 3 | . 3 . . Swarmer 9 | . 9 . . Grunt 11 | . 9 . 2 Assembled 5 | . . . 5 Best Kill Streak 5 | 2 4 1 5 Combat Bots Only 5 | . 3 . 5 Max Kills in Single Turn 3 | 1 3 1 3 Gunslinging . | . . . . Exploded 3 | . 2 . 3 Melee . | . . . . Uniques/NPCs Destroyed . | . . . . Combat | -11 -10 -10 -10 -------- Run | Yrd Mat Min Exi Hostile Shots Fired 113 | . 89 . 24 Missed 24 | . 18 . 6 Hits 89 | . 71 . 18 Projectile 89 | . 71 . 18 Critical Strikes 9 | . 2 . 7 Damage Taken 1248 | . 830 . 418 Core 250 | . 107 . 143 Absorbed by Shields . | . . . . Regen/Repaired (Parts) 113 | . 113 . . Core Remaining (%) 100 | 100 . . . Volleys Fired 103 | 16 79 . 8 Largest 2 | 2 2 . 2 Hottest 136 | 40 95 . 136 Shots Fired 194 | 32 153 . 9 Gun 182 | 32 150 . . Cannon 8 | . 3 . 5 Launcher 4 | . . . 4 Special . | . . . . Kinetic 159 | 32 127 . . Thermal 7 | . 4 . 3 Explosive 4 | . . . 4 Electromagnetic 24 | . 22 . 2 Robot Hit Streak 9 | 6 9 . 5 Robot Miss Streak 6 | 4 6 . 1 Penetration Max . | . . . . Secondary Targets . | . . . . Shots Hit Robots 117 | 16 94 2 5 Core Hits 66 | 7 46 1 12 Critical Kills . | . . . . Critical Parts Destroyed . | . . . . Critical Strikes . | . . . . Melee Attacks 5 | . 1 4 . Impact 5 | . 1 4 . Slashing . | . . . . Piercing . | . . . . Sneak Attacks 2 | . . 2 . Combat Hostiles . | . . . . Follow-up Attacks . | . . . . Damage Inflicted 2180 | 138 1351 144 547 Guns 1017 | 138 879 . . Cannons 40 | . 40 . . Explosions 957 | . 410 . 547 Melee 133 | . . 133 . Ramming 33 | . 22 11 . Kinetic 848 | 138 710 . . Thermal 444 | . 444 . . Explosive 325 | . . . 325 Electromagnetic 397 | . 175 . 222 Impact 133 | . . 133 . Slashing . | . . . . Piercing . | . . . . Highest Corruption 7 | . . . 7 Average Corruption 4 | . . . 4 Corruption Purged . | . . . . Corruption Blocked . | . . . . Effects 1 | . . . 1 Message Errors 1 | . . . 1 Overload Shots . | . . . . Overflow Damage 70 | . 36 34 . Projectiles . | . . . . Explosions 36 | . 36 . . Melee 34 | . . 34 . Knockbacks 1 | . 1 . . Impact . | . . . . Kinetic 1 | . 1 . . Secondary . | . . . . Self-Inflicted Damage 216 | . 101 . 115 Shots 3 | . 1 . 2 Rammed 7 | . 4 3 . Targets Rammed 8 | . 5 3 . Kicked . | . . . . Crushed 1 | . 1 . . Highest Temperature 87 | . 87 . 75 Average Temperature 24 | . 24 . 28 Received Heat Transfer 315 | . 315 . . Siege Activations . | . . . . Martial Activations . | . . . . Shielding Activations . | . . . . Robots Disrupted . | . . . . Combat Hostiles . | . . . . Robots Corrupted 1 | . . . 1 Combat Hostiles . | . . . . Parts Fried 1 | . . . 1 Impact Corruptions 1 | . . 1 . Robots Melted . | . . . . Combat Hostiles . | . . . . Parts Melted 1 | . 1 . . Heat Transferred 424 | . 424 . . Parts Sabotaged . | . . . . Parts Stolen . | . . . . Parts Stripped . | . . . . Power Chain Reactions 1 | . 1 . . Latent Energy Used 337 | . . . 337 LE Corruption 6 | . . . 6 Alert | -11 -10 -10 -10 ------- Run | Yrd Mat Min Exi Maximum Alert Level . | . . . . Low Security (%) 100 | 100 100 100 . Level 1 . | . . . . Level 2 . | . . . . Level 3 . | . . . . Level 4 . | . . . . Level 5 . | . . . . High Security . | . . . . Max Security . | . . . . Peak Influence 179 | 10 179 48 . Initial 48 | . . 48 . Average 33 | . 54 2 . Influence Increases 648 | 25 616 7 . Destroy 0b10 Robot/C 360 | . 360 . . Destroy 0b10 Robot/NC 75 | 25 45 5 . Destroy Leader 100 | . 100 . . Successful Hack 15 | . 15 . . Disable Machine 60 | . 60 . . Destroy Structure 23 | . 21 2 . Partial Spotted 15 | . 15 . . Influence Decreases 648 | 25 490 133 . Entered New Map 78 | . . 78 . Time Decay 520 | 25 440 55 . Lost Part 50 | . 50 . . Squads Dispatched 4 | . 4 . . Investigation 1 | . 1 . . Extermination . | . . . . Reinforcement 3 | . 3 . . Assault . | . . . . Garrison . | . . . . Intercept . | . . . . Searches Triggered . | . . . . Construction Impeded . | . . . . Haulers Reinforced . | . . . . Active Scanning Responses . | . . . . Cargo Convoy Interrupts . | . . . . Stealth | -11 -10 -10 -10 --------- Run | Yrd Mat Min Exi Distress Signals 1 | . 1 . . Communications Jammed . | . . . . Distress Signals . | . . . . Times Spotted 39 | . 32 . 7 Peak Tracking Total 9 | . 3 . 9 Tactical Retreats . | . . . . Traps | -11 -10 -10 -10 ------- Run | Yrd Mat Min Exi Traps Triggered . | . . . . Indirectly . | . . . . Trap Hack Attempts . | . . . . Triggered . | . . . . Disarmed . | . . . . Reprogrammed . | . . . . Reused . | . . . . Traps Extracted . | . . . . Installed . | . . . . Triggered . | . . . . Machines | -11 -10 -10 -10 ---------- Run | Yrd Mat Min Exi Machines Disabled 8 | . 4 . 4 Max in Single Turn 3 | . 3 . 2 Machines Repaired . | . . . . Machines Dismantled . | . . . . Machines Sabotaged . | . . . . Overloaded Fab Kills . | . . . . Hacking | -11 -10 -10 -10 --------- Run | Yrd Mat Min Exi Machines Accessed 11 | . 9 . 2 Terminals 6 | . 6 . . Fabricators . | . . . . Repair Stations 1 | . 1 . . Recycling Units 2 | . 2 . . Scanalyzers . | . . . . Garrison Access . | . . . . Total Hacks 30 | . 28 . 2 Successful 19 | . 17 . 2 Failed 11 | . 11 . . Catastrophic 1 | . 1 . . Database Lockouts . | . . . . Manual 22 | . 21 . 1 Terminals 20 | . 20 . . Fabricators . | . . . . Repair Stations 4 | . 4 . . Recycling Units 4 | . 4 . . Scanalyzers . | . . . . Garrison Access . | . . . . Terminal Hacks 6 | . 4 . 2 Record 1 | . . . 1 Robot Analysis 4 | . 4 . . Proto ID Catalog 1 | . . . 1 Fabricator Hacks . | . . . . Repair Station Hacks 4 | . 4 . . Scan Component 2 | . 2 . . Repair 2 | . 2 . . Recycling Unit Hacks 3 | . 3 . . Retrieve Components 3 | . 3 . . Scanalyzer . | . . . . Garrison Access Hacks . | . . . . Unauthorized Hacks 6 | . 6 . . Terminals 6 | . 6 . . Botnet 2 | . 2 . . Skim 4 | . 4 . . Fabricators . | . . . . Repair Stations . | . . . . Recycling Units . | . . . . Scanalyzers . | . . . . Garrison Access . | . . . . Data Cores Recovered 1 | . 1 . . Used . | . . . . Hacking Detections 7 | . 7 . . Full Trace Events 1 | . 1 . . Feedback Events . | . . . . Feedback Blocked . | . . . . Robot Schematics Acquired . | . . . . Robots Built . | . . . . Authchips . | . . . . Time . | . . . . Total Robot Build Rating . | . . . . Part Schematics Acquired . | . . . . Parts Built . | . . . . Authchips . | . . . . Time . | . . . . Total Part Build Rating . | . . . . Parts Repaired 2 | . 2 . . Time 52 | . 52 . . Parts Recycled . | . . . . Recycled Matter . | . . . . Retrieved Matter . | . . . . Retrieved Components 9 | . 9 . . Parts Scanalyzed . | . . . . Part Schematics Acquired . | . . . . Parts Damaged . | . . . . Bothacking | -11 -10 -10 -10 ------------ Run | Yrd Mat Min Exi Used RIF Installer . | . . . . Robots Hacked . | . . . . Non-combat . | . . . . Combat . | . . . . Robot Hacks Applied . | . . . . Relay Couplers Released . | . . . . Fabnet Peak Effective % . | . . . . Robots Rewired . | . . . . Allies Hacked . | . . . . Hacks Repelled . | . . . . Allies | -11 -10 -10 -10 -------- Run | Yrd Mat Min Exi Total Allies 3 | . . 3 . Largest Group 3 | . . 3 3 Highest-Rated Group 40 | . . 40 40 Highest-Rated Ally 16 | . . 16 16 Total Orders 6 | . . . 6 STAY 5 | . . . 5 FOLLOW 1 | . . . 1 Ally Attacks 11 | . . . 11 Total Damage 8 | . . . 8 Kills . | . . . . Allies Corrupted 1 | . . . 1 Allies Melted . | . . . . Intel | -11 -10 -10 -10 ------- Run | Yrd Mat Min Exi Active Infowar (turns) 5685 | 57 2106 1178 2344 Seismic 5685 | 57 2106 1178 2344 Robot Analysis Total 4 | . 4 . . Derelict Logs Recovered 3 | . . 3 . Drone Launches . | . . . . Drone Recoveries . | . . . . Exploration | -11 -10 -10 -10 ------------- Run | Yrd Mat Min Exi Turns Passed 5862 | 166 2106 1178 2412 Spaces Moved 2517 | 78 782 572 1085 Core 12 | 12 . . . Treads 2497 | 66 782 572 1077 Legs . | . . . . Wheels 8 | . . . 8 Hover . | . . . . Flight . | . . . . Fastest Speed 50 | 50 160 160 155 Average Speed 183 | 143 160 160 215 Slowest Speed 320 | 160 240 160 320 Overloaded Moves . | . . . . Propulsion Burnouts . | . . . . Robots Hopped . | . . . . Potential Cave-ins . | . . . . Cave-ins Triggered . | . . . . Exploration Rate (%) 71 | 5 95 99 88 Regions Visited 3 Branch Regions 2 Pre-discovered Areas 2 | . . 1 1 Known Exits Taken . | . . . . Unknown Exits Taken 3 | 1 1 1 . Scrap Searched 1 | . . 1 . Spaces Dug 3 | . 1 2 . Terrain Destroyed 62 | . 21 2 39 Melee 3 | . 1 2 . Projectile . | . . . . AOE 59 | . 20 . 39 Terrain Rammed . | . . . . Walls Destroyed . | . . . . Machines Disabled . | . . . . Actions | -11 -10 -10 -10 --------- Run | Yrd Mat Min Exi Total 3573 | 104 1495 827 1147 Wait 879 | . 599 243 37 Move 2514 | 77 781 571 1085 Hop . | . . . . Pick Up 22 | 4 13 1 4 Fast Attach 12 | 6 6 . . Attach 3 | 1 1 . 1 Detach . | . . . . Swap 17 | . 6 3 8 Drop 10 | . 4 2 4 Fire 103 | 16 79 . 8 Melee 5 | . 1 4 . Ram . | . . . . Kick . | . . . . Crush 8 | . 5 3 . Escape Stasis . | . . . . Rewire . | . . . . Trap . | . . . . Miscellaneous . | . . . . Route ------- -11/Scrapyard -10/Materials (discovered 5 exits: [*Mat x3] / [*Min x2]) -10/Mines (discovered 4 exits: [*Mat x2] / *Exi / [*Sub]) -10/Exiles History --------- Turn | Location | Event 5 | -11/Scrapyard | Discovered new exit (range 15) 167 | -11/Scrapyard | Entered Materials 288 | -10/Materials | Discovered new exit (range 16) 309 | -10/Materials | Build established: Mutant 517 | -10/Materials | Discovered new exit (range 5) 686 | -10/Materials | Discovered new exit (range 8) 1020 | -10/Materials | Repaired Lgt. Treads 1047 | -10/Materials | Repaired Lgt. Treads 1649 | -10/Materials | Discovered new exit (range 15) 1847 | -10/Materials | Lost 4 parts (1p1n2w) 2023 | -10/Materials | Discovered new exit (range 7) 2273 | -10/Materials | Entered Mines 2341 | -10/Mines | Assisted by bots powering up and referring to "LRC-V3" 2433 | -10/Mines | Learned location of Recycling (-7) 2439 | -10/Mines | Received a Rocket Launcher from a helpful Derelict 2448 | -10/Mines | Learned 2 Materials zone layouts 2565 | -10/Mines | Discovered new exit (range 16) 2789 | -10/Mines | Discovered new exit (range 12) 2931 | -10/Mines | Discovered new exit (range 7) 2940 | -10/Mines | Learned location of 1 exit from Materials 3138 | -10/Mines | Deemed a non-threat by the Exiles lab entrance 3140 | -10/Mines | Discovered new exit (range 5) 3451 | -10/Mines | Entered Exiles 3451 | -10/Exiles | Accompanied by 3 allies 3490 | -10/Exiles | Met 8R-AWN 3515 | -10/Exiles | Met EX-HEX 3563 | -10/Exiles | Met EX-BIN 3672 | -10/Exiles | Met EX-DEC 3687 | -10/Exiles | Learned location of Zion (-6) 3771 | -10/Exiles | Visited The Gauntlet 5256 | -10/Exiles | Aligned with FarCom system 5258 | -10/Exiles | Given EX-Vault access code 5316 | -10/Exiles | Opened EX-Vault 5380 | -10/Exiles | Warned to stay clear of 0b10 Research branches 5586 | -10/Exiles | Found Latent Energy Streamer 5749 | -10/Exiles | Attacked by the Exiles 5785 | -10/Exiles | Core integrity fell below 50% 5848 | -10/Exiles | Core integrity fell below 20% 5863 | -10/Exiles | Destroyed by 8R-AWN with 8R-AWN's Boregun Last Messages --------------- 05854_ HV Slug penetrates Trooper 1a. 05854_ Trooper 1a suffers critical hit (Destroy). 05854_ HV Slug penetrates Wall. 05855_ Wall collapses. 05856_ HV Slug penetrates Trooper 1a. 05856_ HV Slug penetrates Wall. 05856_ HV Slug penetrates Trooper 1a. 05856_ Trooper 1a suffers critical hit (Destroy). 05856_ Trooper 1a destroyed. 05856_ HV Slug penetrates Wall. 05858_ Penetrated by HV Slug. 05858_ Ion Engine destroyed. 05858_ HV Slug penetrates Machine. 05860_ Penetrated by HV Slug. 05860_ HV Slug penetrates Machine. 05860_ Penetrated by HV Slug. 05860_ HV Slug penetrates Machine. 05863_ Penetrated by HV Slug. Map ----- +----------------------------------------------------+ | ?????????????????????????????????????????????????? | | ?????????????????????????????????????????????????? | | ?????????????????????????????????????????????????? | | ?????????????????????????????????????????????????? | | ?????????????????????????????????????????????????? | | ?????????????????????????????????????????????????? | | ?????????????????????????????????????????????????? | | ?????????????????????????????????????????????????? | | ?????????????????????????????????????????????????? | | ?????????????????????????????????????????????????? | | ????????????????? ??????????????????????????????? | | ???????????????? ?????????????????????????????? | | ???????????????? ?????????????#######????????? | | ???????????????# ######???????#!!! "#????????? | | ???????????????# #""##?????# "#????????? | | ????????????????# #?????# "#????????? | | ????????????????## ##???## ""#????????? | | ????????????????#" #####" ""#????????? | | ??????????????????#" ##" ""#????????? | | ????????????????????# #"" #??????????? | | ???????????????????????# ###????????? | | ???????????????????????#### = #????????? | | ??????????????????????????#"" [%= ####?????? | | ????????????????????######## =%! # #?????? | | ????????????????????# !! %[g #?????? | | ????????????????????#! @ # ##?? | | ????????????????????#! "### | | ????????????????????#! ; | | ????????????????????# !""""""### | | ????????????????????##########??##### # | | ????????????????????????????????????? # | | ?????????????????????????????????????# | | ??????????????????????????????????????### #" | | ?????????????????????????????????????????#### | | ????????????????????????????????????????????##" | | ?????????????????????????????????????????????#"" | | ????????????????????????????????????????????##" | | ????????????????????????????????????????????#"" | | ???????????????????????????????????????????##""" | | ???????????????????????????????????????????#""" | | ???????????????????????????????????????????#""" | | ???????????????????????????????????????????#"" | | ???????????????????????????????????????????#""" | | ???????????????????????????????????????????#"" | | ???????????????????????????????????????????##"" | | ????????????????????????????????????????????#"""" | | ????????????????????????????????????????????## | | ?????????????????????????????????????????????#" | | ?????????????????????????????????????????????#"""" | | ?????????????????????????????????????????????#"" | +----------------------------------------------------+ Best States ------------- Heat Dissipation 25 Energy Generation 10 Energy Capacity 250 Matter Stores 300 Matter Capacity 300 Sight Range 16 Terrain Scan Density 10 Evasion (%) 50 Targeting Accuracy 5 Recoil Reduction 2 Item Schematics ----------------- None Robot Schematics ------------------ None Fabricated ------------ Nothing Repaired ---------- Lgt. Treads | 53% | -10/Materials Lgt. Treads | 65% | -10/Materials Alien Tech Used ----------------- None Achievements -------------- None Challenges ------------ None Game ------ Seed DroneParticleJammer Manual? 0 Play Time 00:22:12 Cumulative 201.3 hours Start 2025.09.13 @ 22:32:14 End 2025.09.14 @ 15:35:10 Sessions 2 Manual Loads 0 Difficulty Rogue Special Mode None Game No. 111 Rogue 111 Adventurer 0 Explorer 0 Win Type - Total 23 Types 10/1/8/1/0/1/1/1/0/0 Lore% 75 Gallery% 66 Achievement% 72 Wizard Run 0 Options --------- Layout 1 ASCII 0 Keyboard 0 Movement Arrows Keybinds 0 Fullscreen 2 Font 24/Tamsyn Map View 50x35 Zoom Use 0% Tactical HUD 1 Map Filters NONE Filters NONE Steam 1 RUN: b030f0f9-fe48-4cec-be37-2f0a412d07da